Unix NetHack Version 5.0.0-0 post-release - last build May 17 2026 04:57:42 (dc50c8380fa5e20985bfe3072449f57b8d9895ef,branch:main).

Game began 2026-05-18 21:14:23, ended 2026-05-19 00:34:04.

Brudee, chaotic female human Wizard

                           -----------------
                           |.........^M@....
                     |V-----.---..B|.---q---
                     |.....*..   ..|...|...
                   --|.-Z..----- -.|--.|.|.
                   |.|..     ..| |.|...|
                 ---....     -.---.|.|.|----------
             ... |......     ......|.| |.........|
            .....|--.--   .....---.|.--|.........|
           |..{..|.....  ......|   |.......*)....|
           |.@M..|.|.| |...|F---   ----|........"|
           |.....|.|.| ....|           |.........|
           ---.---.|.---...|           -----------
   -|..      |.`...|`.....
   .-..      |.---.|.|.--
  --|..      |...|...|
  |^-..|.-------.---.|
  --|................|
    ------------------
Brudee the Thaumaturge    St:16 Dx:10 Co:12 In:15 Wi:13 Ch:13  Chaotic S:18141
Dlvl:11 $:1485 HP:0(65) Pw:13(94) AC:2  Xp:9/3045 T:6751  Satiated

Latest messages:
 In what direction? .
 You feel better.
 In what direction? .
 You feel better.
 Something is written here in the dust.
 You read: "Elbere?h".
 The ettin mummy hits!
 The ettin mummy hits again!
 You hit the ettin mummy with the chickatrice corpse.
 The ettin mummy is slowing down.
 The ettin mummy turns to stone.
 In what direction? .
 You feel better.
 The wererat swings her broadsword.
 The wererat hits!
 You hit the wererat with the chickatrice corpse.
 The wererat is slowing down.
 The wererat turns to stone.
 You find a hidden door.
 You find a hidden door.
 The door resists!
 The door opens.
 The door opens.
 You see here a gray stone.
 You step onto a level teleport trap!
 You feel a wrenching sensation.
 z - a gray stone.
 You hit the violet fungus with the chickatrice corpse.
 The violet fungus is slowing down.
 The violet fungus turns to stone.
 You see here a statue of a raven.
 Really step onto that rolling boulder trap? [yn] (n) y
 Click!  You trigger a rolling boulder trap!
 No boulder was released.
 You hit the giant rat with the chickatrice corpse.
 The giant rat is slowing down.
 The giant rat turns to stone.
 You hit the elf mummy with the chickatrice corpse.
 The elf mummy is slowing down.
 The elf mummy turns to stone.
 The mumak butts!
 The mumak misses!
 You miss the mumak.
 The mumak butts!
 The mumak bites!
 You miss the mumak.
 The mumak butts!
 You die...
 Do you want your possessions identified? [ynq] (y) y
 Do you want to see your attributes? [ynq] (y) q

Inventory:
 Coins    ('$')
  $ - 1485 gold pieces
 Amulets  ('"')
  M - an uncursed amulet of restful sleep
 Weapons  (')')
  D - 10 +0 shuriken (at the ready)
  C - the greased +4 Sting
 Armor    ('[')
  F - an uncursed greased +2 dwarvish iron helm (being worn)
  u - a cursed -1 helmet
  w - an uncursed +0 pair of leather gloves (being worn)
  h - an uncursed rusty +0 pair of kicking boots (being worn)
  b - a blessed greased thoroughly burnt +3 cloak of magic resistance (being worn)
 Comestibles  ('%')
  v - 2 uncursed C-rations
  x - an uncursed food ration
  s - a cursed rotten tin of newt meat
  I - 2 uncursed eggs
  y - an uncursed chickatrice corpse (wielded)
 Scrolls  ('?')
  T - an uncursed scroll of gold detection
 Rings    ('=')
  o - an uncursed ring of regeneration
  d - an uncursed ring of searching (on right hand)
  e - an uncursed ring of stealth (on left hand)
 Wands    ('/')
  c - a wand of cancellation (0:6)
  l - a wand of cold (0:0)
  Q - a wand of digging (0:7)
  r - a wand of striking (0:0)
 Tools    ('(')
  i - an uncursed sack containing 11 items
  g - a can of grease (0:16)
  a - a can of grease (0:3)
  n - a magic marker (0:0)
  X - an uncursed oil lamp
  j - a +0 pick-axe
  k - an uncursed skeleton key
  q - an uncursed stethoscope
 Gems/Stones  ('*')
  A - 3 uncursed worthless pieces of white glass
  z - an uncursed flint stone

Contents of the sack:
  2 uncursed scrolls of blank paper
  2 uncursed scrolls of confuse monster
  2 uncursed scrolls of create monster
  an uncursed scroll of light
  an uncursed spellbook of magic mapping
  2 uncursed potions of blindness
  an uncursed potion of confusion
  an uncursed potion of fruit juice
  an uncursed potion of oil
  an uncursed potion of sickness
  an uncursed potion of sleeping

Brudee the Wizard's attributes:

Background:
 You were a Thaumaturge, a level 9 female human Wizard.
 You were chaotic, on a mission for Anhur
 who was opposed by Ptah (lawful) and Thoth (neutral).
 You were left-handed.
 You were in the Gnomish Mines, on level 11.
 You entered the dungeon 6751 turns ago.
 It was the midnight hour.
 There was a new moon in effect when your adventure ended.
 You had 3045 experience points, 2075 more were needed to attain level 10.
 Your score was 18141 before end-of-game adjustments.

Basics:
 You had 0 out of 65 hit points.
 You had 13 out of 94 energy points (spell power).
 Your armor class was 2.
 Your wallet contained 1485 zorkmids.
 Autopickup was on for '$!=+?/"' plus thrown.

Final Characteristics:
 Your strength was 16 (limit:18/100).
 Your dexterity was 10 (peak:12, limit:18).
 Your constitution was 12 (limit:18).
 Your intelligence was 15 (limit:18).
 Your wisdom was 13 (limit:18).
 Your charisma was 13 (limit:18).

Final Status:
 You were satiated.
 You were unencumbered.
 You were wielding a corpse.

Final Attributes:
 You were piously aligned.
 You were magic-protected.
 You were poison resistant.
 You were telepathic.
 You had automatic searching.
 You would have confused monsters when hitting them.
 You were stealthy.
 You were warded.
 You were unlucky.
 You are dead.

Miscellaneous:
 You didn't encounter any bones levels.
 Total elapsed playing time was 1 hour, 14 minutes and 28 seconds.

Major events:
 Turn
    1: Brudee the chaotic female human Wizard entered the dungeon
  474: entered the Gnomish Mines
  910: attained the rank of Conjurer (level 3)
 1076: read a Discworld novel
 1360: killed Droichead Atha, the second-hand bookstore proprietor
 1645: reached Mine Town
 1670: attained the rank of Thaumaturge (level 6)
 2664: chose a runed dagger to be named "Sting"
 6394: performed her first genocide (leocrottas)
 6751: killed by a mumak

Spells:
 Name                 Level Category     Fail Retention
 force bolt             1   attack        19%   66%-70%
 healing                1   healing       19%   61%-70%
 magic missile          2   attack         0%   76%-80%
 create monster         2   clerical      36%  76%-100%
 detect food            2   divination    36%  76%-100%
 magic mapping          5   divination   100%  76%-100%
 levitation             4   escape       100%  76%-100%

Skills:
 Fighting Skills
   bare handed combat [Unskilled]
   riding             [Unskilled]
 Weapon Skills
   dagger             [Skilled]
   knife              [Unskilled]
   axe                [Unskilled]
   short sword        [Unskilled]
   club               [Unskilled]
   mace               [Unskilled]
   quarterstaff       [Basic]
   polearms           [Unskilled]
   spear              [Unskilled]
   trident            [Unskilled]
   sling              [Unskilled]
   dart               [Unskilled]
   shuriken           [Unskilled]
 Spellcasting Skills
   attack spells      [Skilled]
   healing spells     [Basic]
   divination spells  [Unskilled]
   enchantment spells [Basic]
   clerical spells    [Unskilled]
   escape spells      [Unskilled]
   matter spells      [Unskilled]

Voluntary challenges:
 Character rerolling was not enabled.
 You genocided 1 type of monster.
 You never polymorphed an object.
 You used no wishes.
Achievements:
 You entered the Gnomish Mines.
 You entered a shop.
 You attained the rank of Conjurer.
 You read from a Discworld novel.
 You entered Minetown.
 You attained the rank of Thaumaturge.
 You entered a temple.

 The Dungeons of Doom: levels 1 to 3
    Level 1:
    Level 2:
       A scroll shop, some fountains.
       Stairs down to The Gnomish Mines.
    Level 3:
 The Gnomish Mines: levels 3 to 11
    Level 3:
    Level 5:
       Many shops, a temple and an altar, some fountains.
    Level 6:
    Level 7:
    Level 8:
    Level 9:
    Level 10:
    Level 11: <- You were here.
       A fountain.
       Final resting place for
          you, killed by a mumak.


Vanquished creatures:
  a vampire leader
  a shopkeeper
  a vampire
  a giant zombie
  a winter wolf
  a small mimic
  2 xans
 an ettin mummy
  a flaming sphere
  a tiger
  a leocrotta
 an elf mummy
  4 soldiers
  a quivering blob
  2 cockatrices
  a wolf
  a giant spider
  a baby long worm
  2 gnome rulers
  2 owlbears
  a yeti
  4 chickatrices
  a dingo
  a raven
  2 apes
  a human zombie
  a rope golem
 an orc shaman
  a pony
  a shrieker
  2 violet fungi
  6 gnome leaders
  4 gnomish wizards
 an elf zombie
  a ghoul
  a straw golem
  3 floating eyes
  a kitten
 14 dwarves
  2 hill orcs
  a rothe
  a giant bat
  4 orc zombies
  6 dwarf zombies
  a wererat
 an iguana
  a killer bee
  2 acid blobs
  2 gas spores
  7 hobbits
  6 giant rats
  3 cave spiders
  a brown mold
  a red mold
 43 gnomes
  9 gnome zombies
  2 geckos
 10 jackals
  a fox
  5 goblins
  3 grid bugs
  a lichen
  3 kobold zombies
  8 newts
198 creatures vanquished.

Genocided species:
 leocrottas
1 species genocided.

Game over:
                       ----------
                      /          \
                     /    REST    \
                    /      IN      \
                   /     PEACE      \
                  /                  \
                  |      Brudee      |
                  |     1485 Au      |
                  |   killed by a    |
                  |      mumak       |
                  |                  |
                  |                  |
                  |       2026       |
                 *|     *  *  *      | *
        _________)/\\_//(\/(/\)/\//\/|_)_______

Goodbye Brudee the Wizard...

You died in The Gnomish Mines on dungeon level 11 with 17993 points,
and 1485 pieces of gold, after 6751 moves.
You were level 9 with a maximum of 65 hit points when you died.

